 Dungeon Crawl Stone Soup version 0.31-a0-177-g4aa6249778 (webtiles) character file.

Game seed: 1966526344592353876

375 qw the Shooter (level 6, -3/57 HPs)
             Began as a Naga Hunter on June 18, 2023.
             Slain by an ogre
             ... wielding a +0 giant club
              (28 damage)
             ... on level 4 of the Dungeon.
             The game lasted 00:00:59 (3057 turns).

qw the Shooter (Naga Hunter)                        Turns: 3057, Time: 00:00:59

Health: -3/57      AC:  4    Str: 13    XL:     6   Next: 72%
Magic:  6/6        EV:  9    Int: 10    God:
Gold:   64         SH:  0    Dex: 16    Spells: 5/5 levels left

rFire   . . .        Y - +0 shortbow
rCold   . . .        (shield currently unavailable)
rNeg    . . .        c - +0 leather armour
rPois   +            (no helmet)
rElec   .            (no cloak)
rCorr   .            n - +0 pair of gloves
SInv    +            (no barding)
Will    +....        (no amulet)
Stlth   ++           m - ring of willpower
HPRegen 0.29/turn    (no ring)
MPRegen 0.10/turn

%: no passive effects
@: short of breath, very slow
A: AC +2, large, see invisible, deformed body, poison resistance, slowness 2,
spit poison 1, naga tail 1
a: Spit Poison


You were on level 4 of the Dungeon.
You visited 1 branch of the dungeon, and saw 4 of its levels.

You collected 64 gold pieces.


Innate Abilities, Weirdness & Mutations

Your serpentine skin is tough. (AC +2)
You have supernaturally acute eyesight. (SInv)
Armour fits poorly on your strangely shaped body.
Your system is resistant to poisons. (rPois)
You cover ground very slowly.
You can spit poison.
You have a snake-like lower body.


   Skills:
 - Level 4.1 Fighting
 + Level 6.3 Ranged Weapons
 - Level 1.5 Dodging
 - Level 1.5 Stealth


You had 5 spell levels left.
You didn't know any spells.
Your spell library was empty.

Inventory:

Hand Weapons
 Y - a +0 shortbow (weapon)
Armour
 c - a +0 leather armour (worn)
 n - a +0 pair of gloves (worn)
Jewellery
 m - a ring of willpower (left hand)
Scrolls
 a - 3 scrolls of teleportation
 i - a scroll of identify
 p - a scroll of immolation {unknown}
Potions
 b - a potion of might {unknown}
 d - a potion of lignification {unknown}
 e - 2 potions of berserk rage {unknown}
 f - a potion of brilliance {unknown}
 g - a potion of resistance {unknown}
 h - a potion of mutation {unknown}
 j - a potion of ambrosia {unknown}
 k - a potion of attraction {unknown}
 l - a potion of haste
 o - a potion of enlightenment {unknown}
 q - a potion of degeneration {unknown}
 r - a potion of curing {unknown}

Dungeon Overview and Level Annotations

Branches:
Dungeon (4/15)
 Temple: D:4-7

Altars:
Gozag
Nemelex Xobeh

Shops:
D:4 :

Annotations:
D:3 3 runed translucent doors, qw's ghost, amateur NaHu


Message History

An ogre comes into view. It is wielding a +0 giant club.
Enter note:
Enter note:
Enter note:
Enter note:
Enter note:
Enter note: You shoot an arrow.
The arrow hits the ogre.
The ogre shouts!
The ogre is moderately wounded.
You shoot an arrow. The arrow hits the ogre.
The ogre is moderately wounded.
3049 ||| INVOKING Spit Poison.
Aiming: Spit Poison (1% risk of failure)
Press: ? - help, Shift-Dir - straight line, f/p - ogre The splash of poison misses the ogre.
You shoot an arrow. The arrow hits the ogre.
The ogre is heavily wounded.
You shoot an arrow.
The arrow hits the ogre but does no damage.
The ogre is heavily wounded.
You shoot an arrow. The arrow hits the ogre.
The ogre is heavily wounded.
The ogre barely misses you.
You shoot an arrow. The arrow closely misses the ogre.
The ogre hits you with a +0 giant club!!
You shoot an arrow. The arrow barely misses the ogre.
You have got your breath back.
3055 ||| INVOKING Spit Poison.
Aiming: Spit Poison (1% risk of failure)
Press: ? - help, Shift-Dir - straight line, f/p - ogre The splash of poison hits the ogre.
The ogre is poisoned.
The ogre is almost dead.
The ogre barely misses you.
You shoot an arrow. The arrow hits the ogre.
The ogre is almost dead.
The ogre hits you with a +0 giant club!
You shoot an arrow. The arrow barely misses the ogre.
The ogre hits you with a +0 giant club!!
You die... ...... ..P.. ...###.
P.PP. ....... ...PP ....... .8..P ....... ...P. #......
PP...

.. #....# P.P... .###...O#####
......###.......@...##
.......#..[#.........# ..
........#.........##
....#..#..............##
...##....#......#.##..###
..#..##......#.#####...########
.. #......#.### ###.........
.####.####..# ##........
#.##.#.# .### ##..#####


You could see an ogre (poisoned).

Vanquished Creatures
  A scorpion (D:3)
  An orc priest (D:3)
  2 hounds
  An iguana (D:3)
  Jessica (D:2)
  2 orc wizards
  4 adders
  2 worms
  6 dart slugs
  7 orcs
  8 ball pythons
  3 bats
  2 endoplasms
  3 giant cockroaches (D:1)
  A goblin (D:2)
  4 hobgoblins
  3 kobolds
  6 quokkas
  3 frilled lizards
  5 rats
65 creatures vanquished.

Notes
Turn   | Place    | Note
-------+----------+-------------------------------------------
     0 | D:1      | qw the Naga Hunter began the quest for the Orb.
     0 | D:1      | Reached XP level 1. HP: 19/19 MP: 1/1
     0 | D:1      | 0 ||| qw: Version: 0.3-a-5-g6f28e65
     0 | D:1      | 0 ||| qw: Game counter: 646
     0 | D:1      | 0 ||| qw: Always use a shield: true
     0 | D:1      | 0 ||| qw: God list: Okawaru
     0 | D:1      | 0 ||| qw: Allow faded altars: false
     0 | D:1      | 0 ||| qw: Do Orc after D:15 true
     0 | D:1      | 0 ||| qw: Do second Lair branch before Depths: true
     0 | D:1      | 0 ||| qw: Lair rune preference: random
     0 | D:1      | 0 ||| qw: Plans: Normal
     0 | D:1      | 0 ||| PLANNING D:1-11
    24 | D:1      | 24 ||| INVOKING Spit Poison.
    49 | D:1      | 49 ||| INVOKING Spit Poison.
    69 | D:1      | 69 ||| INVOKING Spit Poison.
    75 | D:1      | 75 ||| INVOKING Spit Poison.
    76 | D:1      | Reached skill level 4 in Ranged Weapons
    76 | D:1      | Reached XP level 2. HP: 26/26 MP: 2/2
   124 | D:1      | 124 ||| INVOKING Spit Poison.
   134 | D:1      | 134 ||| INVOKING Spit Poison.
   199 | D:1      | 199 ||| INVOKING Spit Poison.
   239 | D:1      | 239 ||| INVOKING Spit Poison.
   274 | D:1      | 274 ||| INVOKING Spit Poison.
   545 | D:1      | 545 ||| INVOKING Spit Poison.
   685 | D:1      | 685 ||| READING scroll labelled GOIKIU WUQIF.
   686 | D:1      | 686 ||| READING scroll labelled PYWUNWYNER.
   687 | D:1      | 687 ||| READING scroll labelled EJIOX NINKEARURO.
   691 | D:1      | 691 ||| READING scroll labelled HUSUOZ XUGOUQAOCH.
   692 | D:1      | 692 ||| READING scroll labelled ROFFOANT ESUDY.
   693 | D:1      | 693 ||| DROPPING scroll of butterflies.
   702 | D:2      | 702 ||| INVOKING Spit Poison.
   707 | D:2      | 707 ||| INVOKING Spit Poison.
   708 | D:2      | Reached XP level 3. HP: 30/32 MP: 3/3
   763 | D:2      | 763 ||| INVOKING Spit Poison.
   769 | D:2      | 769 ||| INVOKING Spit Poison.
   781 | D:2      | 781 ||| INVOKING Spit Poison.
   798 | D:2      | 798 ||| INVOKING Spit Poison.
   809 | D:2      | Found an opulent altar of Gozag.
   840 | D:2      | 840 ||| INVOKING Spit Poison.
   861 | D:2      | You fall into a shaft and drop 2 floors!
   900 | D:4      | 900 ||| INVOKING Spit Poison.
   911 | D:4      | 911 ||| INVOKING Spit Poison.
   937 | D:4      | 937 ||| INVOKING Spit Poison.
   940 | D:4      | Reached skill level 5 in Ranged Weapons
   940 | D:4      | Reached XP level 4. HP: 39/39 MP: 4/4
   953 | D:4      | 953 ||| INVOKING Spit Poison.
   956 | D:4      | 956 ||| Stepping ~*~*~tactically~*~*~ (outnumbered).
   958 | D:4      | 958 ||| INVOKING Spit Poison.
   963 | D:4      | 963 ||| INVOKING Spit Poison.
   966 | D:4      | 966 ||| INVOKING Spit Poison.
  1016 | D:4      | Found Raick's Tremendous Tomes.
  1093 | D:4      | 1093 ||| DRINKING 2 emerald potions.
  1133 | D:2      | 1133 ||| INVOKING Spit Poison.
  1148 | D:2      | 1148 ||| INVOKING Spit Poison.
  1152 | D:2      | 1152 ||| INVOKING Spit Poison.
  1188 | D:2      | 1188 ||| INVOKING Spit Poison.
  1192 | D:2      | 1192 ||| INVOKING Spit Poison.
  1195 | D:2      | 1195 ||| INVOKING Spit Poison.
  1262 | D:2      | 1262 ||| INVOKING Spit Poison.
  1402 | D:2      | 1402 ||| INVOKING Spit Poison.
  1403 | D:2      | Reached skill level 3 in Fighting
  1431 | D:2      | 1431 ||| INVOKING Spit Poison.
  1465 | D:2      | Noticed Jessica
  1466 | D:2      | 1466 ||| INVOKING Spit Poison.
  1472 | D:2      | Killed Jessica
  1473 | D:2      | Reached XP level 5. HP: 42/49 MP: 5/5
  1525 | D:2      | 1525 ||| UPGRADING to ring of willpower.
  1526 | D:2      | 1526 ||| READING scroll labelled IBOKHEEMIUK.
  1562 | D:3      | 1562 ||| INVOKING Spit Poison.
  1565 | D:3      | 1565 ||| INVOKING Spit Poison.
  1568 | D:3      | 1568 ||| INVOKING Spit Poison.
  1643 | D:3      | Found a faded altar of an unknown god.
  1710 | D:3      | 1710 ||| INVOKING Spit Poison.
  1739 | D:3      | 1739 ||| INVOKING Spit Poison.
  1758 | D:3      | 1758 ||| INVOKING Spit Poison.
  1761 | D:3      | 1761 ||| INVOKING Spit Poison.
  1766 | D:3      | 1766 ||| INVOKING Spit Poison.
  1772 | D:3      | 1772 ||| INVOKING Spit Poison.
  1843 | D:3      | 1843 ||| Stepping ~*~*~tactically~*~*~ (outnumbered).
  1844 | D:3      | 1844 ||| INVOKING Spit Poison.
  1847 | D:3      | Reached skill level 6 in Ranged Weapons
  1847 | D:3      | Reached XP level 6. HP: 56/56 MP: 6/6
  1850 | D:3      | 1850 ||| INVOKING Spit Poison.
  1855 | D:3      | 1855 ||| INVOKING Spit Poison.
  1860 | D:3      | 1860 ||| INVOKING Spit Poison.
  1999 | D:3      | Found a sparkling altar of Nemelex Xobeh.
  2018 | D:3      | 2018 ||| INVOKING Spit Poison.
  2025 | D:3      | 2025 ||| INVOKING Spit Poison.
  2032 | D:3      | 2032 ||| INVOKING Spit Poison.
  2215 | D:3      | 2215 ||| INVOKING Spit Poison.
  2221 | D:3      | 2221 ||| INVOKING Spit Poison.
  2227 | D:3      | 2227 ||| INVOKING Spit Poison.
  2379 | D:3      | 2379 ||| INVOKING Spit Poison.
  2385 | D:3      | 2385 ||| INVOKING Spit Poison.
  2546 | D:3      | 2546 ||| INVOKING Spit Poison.
  2567 | D:3      | 2567 ||| INVOKING Spit Poison.
  2612 | D:3      | 2612 ||| INVOKING Spit Poison.
  2619 | D:3      | Found a runed translucent gate.
  2619 | D:3      | Found a runed translucent gate.
  2619 | D:3      | Found a runed translucent gate.
  2628 | D:3      | Noticed qw's ghost (amateur NaHu)
  2628 | D:3      | Noticed qw's ghost (amateur NaHu)
  2847 | D:3      | 2847 ||| UPGRADING to +0 pair of gloves.
  2852 | D:3      | 2852 ||| READING scroll labelled HEMAES ZAEPN.
  2981 | D:4      | 2981 ||| INVOKING Spit Poison.
  3049 | D:4      | 3049 ||| INVOKING Spit Poison.
  3055 | D:4      | 3055 ||| INVOKING Spit Poison.
  3057 | D:4      | Slain by an ogre

Levels and vault maps discovered:
D:1:      dpeg_arrival_line_fractal, layout_loops_ring,
          amcnicky_mini_pool_small, minmay_misc_feat_four_crosses,
          minmay_misc_feat_rugged, grunt_decor_cap
D:2:      minmay_evil_eye, layout_rooms, basic_altar, grunt_ministairs_13,
          uniq_jessica
D:3:      layout_basic, mainiacjoe_overflow_six_doors_small,
          ebering_ecumenical_altar_box, gammafunk_ghost_cemetery, st_stairs_12
D:4:      layout_layer_cave, nicolae_shop_i_like_big_books,
          dreamdust_mushroom_princess, amcnicky_mini_corridor_feature

Skill      XL: |  1  2  3  4  5  6 |
---------------+-------------------+-----
Ranged Weapons | 4 5 6 |  6.3
Fighting       | 3 4 |  4.1
Dodging        | |  1.5
Stealth        | |  1.5

Action                     |  1- 3 |  4- 6 || total
---------------------------+-------+-------++-------
   Fire: Shortbow          |    30 |   124 ||   154
Ability: Spit Poison       |    20 |    41 ||    61
    Use: Scroll            |     5 |     2 ||     7
         Potion            |       |     1 ||     1
 Armour: Leather armour    |     3 |    19 ||    22
  Dodge: Dodged            |    10 |    34 ||    44

Table legend:
 A = Non-vault XP
 B = Vault XP
 C = Vault XP percentage of total XP
 D = Non-vault monster count
 E = Vault monster count
 F = Vault count percentage of total count
                 A         B        C        D         E       F
            +---------+---------+-------+---------+---------+-------
      Total |     442 |      94 |  17.5 |      59 |       6 |   9.2
            +---------+---------+-------+---------+---------+-------
        D:1 |      24 |       0 |   0.0 |      12 |       0 |   0.0
        D:2 |      56 |      55 |  49.5 |      16 |       5 |  23.8
        D:3 |     251 |      39 |  13.4 |      21 |       1 |   4.5
        D:4 |     111 |       0 |   0.0 |      10 |       0 |   0.0
            +---------+---------+-------+---------+---------+-------
